 Dungeon Crawl Stone Soup version 0.29.1-1-gd02db6906a (webtiles) character file.

Game seed: 10180208699851694313

169909 LustLizard the Wrestler (level 17, -17/178 HPs)
             Began as a Troll Fighter on Oct 2, 2022.
             Was the Champion of Wu Jian.
             Killed from afar by Aizul (31 damage)
             ... with a bolt of poison
             ... on level 1 of the Snake Pit.
             The game lasted 01:21:20 (27819 turns).

LustLizard the Wrestler (Troll Fighter)            Turns: 27819, Time: 01:21:21

Health: -17/178    AC: 18    Str: 28    XL:     17   Next: 11%
Magic:  16/16      EV: 10    Int: 18    God:    Wu Jian [******]
Gold:   3796       SH: 19    Dex:  8    Spells: 16/16 levels left

rFire   + . .      SeeInvis +     - Unarmed
rCold   + . .      Faith    .   l - +3 tower shield of a wizard's laboratory {rElec rC+ Regen+ Dex-3}
rNeg    + . .      Spirit   .   L - +4 troll leather armour {Snorg}
rPois   .          Reflect  .   g - +2 hat {SInv}
rElec   +          Harm     .   X - +1 cloak of the Fiddle {rF+ rN+ Dex+2}
rCorr   .          Rampage  .   (gloves unavailable)
Will    +....                   (boots unavailable)
Stlth   +.........              F - amulet of Res Woeha {Regen+ Int+5}
HPRegen 3.59/turn               t - +4 ring of protection
MPRegen 0.15/turn               R - ring "Syesyabb" {rElec Int+3 SInv}

@: lethally poisoned (-17 -> -23)
A: large, unfitting armour, claws 3, regeneration 1, shaggy fur 1, tough skin 1,
mutation resistance 1
}: 1/15 runes: decaying
a: Renounce Religion, Wall Jump, Serpent's Lash, Heavenly Storm


You were on level 1 of the Snake Pit.
You worshipped Wu Jian.
Wu Jian was exalted by your worship.
You visited 6 branches of the dungeon, and saw 28 of its levels.
You also visited: Sewer and Bailey.

You collected 4009 gold pieces.
You spent 213 gold pieces at shops.

Inventory:

Hand Weapons
 n - a +4 scimitar of flaming
Missiles
 c - 6 javelins
 u - 2 atropa-tipped darts
 w - 35 poisoned darts (quivered)
 D - 9 curare-tipped darts
 O - 4 throwing nets
Armour
 b - +0 swamp dragon scales
 g - a +2 hat of see invisible (worn)
 l - the +3 tower shield of a wizard's laboratory (worn) {rElec rC+ Regen+ Dex-3}
   (You acquired it on level 3 of the Lair of Beasts)

   Dex:       It affects your dexterity (-3).
   rC:        It protects you from cold.
   rElec:     It insulates you from electricity.
   Regen:     It increases your rate of health regeneration.
 x - a +1 kite shield of fire resistance
 C - a +0 robe of resistance
 L - a +4 troll leather armour (worn) {Snorg}
 S - +1 ice dragon scales
 X - the +1 cloak of the Fiddle (worn) {rF+ rN+ Dex+2}
   (You found it on level 1 of the Lair of Beasts)

   Dex:       It affects your dexterity (+2).
   rF:        It protects you from fire.
   rN:        It protects you from negative energy.
Jewellery
 a - a ring of protection from cold
 p - an amulet of guardian spirit
 t - a +4 ring of protection (left claw)
 F - the amulet of Res Woeha (around neck) {Regen+ Int+5}
   (You acquired it on level 1 of the Swamp)

   [amulet of regeneration]

   Int:       It affects your intelligence (+5).
   Regen:     It increases your rate of health regeneration.
 G - a ring of positive energy
 H - a ring of ice
 Q - a ring of protection from cold
 R - the ring "Syesyabb" (right claw) {rElec Int+3 SInv}
   (You found it in a bailey)

   [ring of see invisible]

   Int:       It affects your intelligence (+3).
   rElec:     It insulates you from electricity.
   SInv:      It lets you see invisible.
Wands
 f - a wand of digging (18)
 i - a wand of paralysis (17)
 j - a wand of acid (1)
 B - a wand of polymorph (26)
 E - a wand of flame (26)
 T - a wand of mindburst (11)
 W - a wand of roots (23)
Scrolls
 h - 3 scrolls of teleportation
 o - 5 scrolls of butterflies
 q - 7 scrolls of enchant armour
 y - 7 scrolls of identify
 z - 4 scrolls of fear
 A - 5 scrolls of blinking
 J - 3 scrolls of amnesia
 N - 3 scrolls of silence
 U - 5 scrolls of magic mapping
Potions
 e - 4 potions of ambrosia
 k - 8 potions of flight
 m - 6 potions of mutation
 r - 5 potions of berserk rage
 s - 5 potions of curing
 I - a potion of haste
 K - a potion of heal wounds
 P - a potion of might
 V - a potion of resistance
Miscellaneous
 d - a phial of floods
 v - a tin of tremorstones (2/2)
 Y - a condenser vane


   Skills:
 + Level 13.3 Fighting
 - Level 9.9 Dodging
 + Level 13.3 Shields
 * Level 21.1 Unarmed Combat


You had 16 spell levels left.
You didn't know any spells.
Your spell library contained the following spells:

 Spells                   Type           Power      Damage    Failure   Level
 Apportation              Tloc           0%         N/A       61%         1
 Beastly Appendage        Tmut           0%         N/A       61%         1
 Necrotise                Necr           0%         1d4       61%         1
 Summon Small Mammal      Summ           0%         N/A       61%         1
 Blink                    Tloc           0%         N/A       75%         2
 Ensorcelled Hibernation  Hex/Ice        0%         N/A       75%         2
 Passwall                 Tmut/Erth      0%         N/A       75%         2
 Static Discharge         Conj/Air       0%         3-3/arc   75%         2
 Sublimation of Blood     Necr           0%         N/A       75%         2
 Wereblood                Tmut           0%         N/A       75%         2
 Call Canine Familiar     Summ           0%         N/A       93%         3
 Conjure Flame            Conj/Fire      0%         6-21      93%         3
 Ignite Poison            Fire/Tmut/Pois 0%         N/A       93%         3
 Ozocubu's Armour         Ice            0%         N/A       93%         3
 Spider Form              Tmut/Pois      0%         N/A       93%         3
 Summon Guardian Golem    Hex/Summ       0%         N/A       93%         3
 Swiftness                Air            0%         N/A       93%         3
 Animate Armour           Summ/Erth      0%         N/A       100%        4
 Petrify                  Tmut/Erth      0%         N/A       100%        4
 Sticky Flame             Conj/Fire      0%         2d3       100%        4
 Alistair's Intoxication  Tmut/Pois      0%         N/A       100%        5
 Borgnjor's Vile Clutch   Necr/Erth      0%         N/A       100%        5
 Fireball                 Conj/Fire      0%         3d3       100%        5
 Lightning Bolt           Conj/Air       0%         1d11      100%        5
 Manifold Assault         Tloc           0%         N/A       100%        5
 Iron Shot                Conj/Erth      0%         9d1       100%        6
 Ozocubu's Refrigeration  Ice            0%         4d7       100%        7
 Storm Form               Tmut/Air       0%         N/A       100%        7
 Maxwell's Capacitive Co  Air            0%         ∞         100%        8
 Death's Door             Necr           0%         N/A       100%        9
 Shatter                  Erth           0%         3d5*      100%        9


Dungeon Overview and Level Annotations

Branches:
Dungeon (15/15)            Temple (1/1) D:4            Lair (5/5) D:10
  Swamp (4/4) Lair:3        Snake (1/4) Lair:3        Slime (0/5) Lair:5
    Orc (2/2) D:11            Elf (0/3) Orc:2        Vaults (0/5) D:14
 Depths (0/4) D:15          Sewer (visited)          Bailey (visited)

Altars:
Ashenzari
Cheibriados
Dithmenos
Elyvilon
Fedhas
Gozag
Hepliaklqana
Kikubaaqudgha
Makhleb
Nemelex Xobeh
Okawaru
Qazlal
Ru
Sif Muna
Trog
Uskayaw
Vehumet
Wu Jian
Xom
Yredelemnul
Zin
The Shining One
Jiyva

Shops:
D:4 *   D:8 [*   Orc:2 ((*[

Annotations:
Swamp:4 Lernaean hydra
Snake:1 Aizul
Orc:2 Saint Roka


Innate Abilities, Weirdness & Mutations

You are too large for most types of armour.
You have claws for hands.
Your natural rate of healing is unusually fast.
You are covered in fur. (AC +1)
You have tough skin. (AC +1)
You are somewhat resistant to further mutation.


Message History

Aizul barely misses you.
You miss Aizul.
Aizul is heavily wounded.
You feel very sick. You block Aizul's attack.
You miss Aizul.
Aizul is heavily wounded.
You feel sick.
Aizul says, "I wasn't actually sleeping!"
Aizul hits you!
You closely miss Aizul.
Aizul is heavily wounded.
You feel very sick. Aizul casts a spell at you. The bolt of poison hits you.
You are more poisoned.
You eviscerate Aizul!!!
Aizul is almost dead.
You feel very sick.
You hear a shout!
Aizul coils herself and waves her upper body at you.
You fall asleep.
Aizul hits you!!!
You wake up.
* * * LOW HITPOINT WARNING * * *
You scratch Aizul but do no damage.
Aizul is almost dead.
You feel very sick.
Aizul says, "Feeling sleepy?"
Aizul hits you but does no damage.
You barely miss Aizul.
Aizul is almost dead.
You feel very sick. Aizul hits you but does no damage.
You barely miss Aizul.
Aizul is almost dead.
You feel very sick. Aizul casts a spell at you. The bolt of poison hits you!!
You are more poisoned.
You die...

#... ...##
###.......# ....#
###.........# ....#
#.# #........#
....###.## #.......
..)...#..###......#
..)##.<...#.......#
##.#####.....#..S.#
#.### #....##.@##.#
##...## #...###...#
#.....####......###.#
#......##.#...### #
#........###...#
#......### #####
###...## #####


You could see Aizul.

Vanquished Creatures
  Jorgrun (D:14)
  Mlioglotl (Swamp:3)
  Gastronok (Lair:2)
  A thorn hunter (Swamp:3)
  Donald (Swamp:4)
  7 bunyips
  2 dire elephants (Lair:5)
  6 eleionomae
  Snorg (D:10)
  A fire dragon (D:14)
  Fannar (D:10)
  Josephine (D:13)
  The ghost of RogueRain17 the Cleaver, a journeyman DsGl of Makhleb (Lair:4)
  Harold (Lair:2)
  22 hydras
  A vault guard (D:14)
  Erolcha (D:12)
  Erica (Lair:2)
  2 catoblepae (Lair:5)
  2 ghost crabs
  A death knight (D:15)
  2 centaur warriors
  5 boulder beetles
  8 death yaks
  An ogre mage (D:15)
  4 two-headed ogres
  5 tengu warriors
  A naga warrior (Snake:1)
  Urug (D:12)
  6 alligators
  3 orc high priests (Orc:2)
  A vampire mage (D:15)
  7 spriggans
  6 goliath frogs
  2 death drakes
  A skeletal warrior (D:14)
  Lodul (D:11)
  11 swamp dragons
  2 bog bodies
  4 spriggan druids
  3 lindwurms (Lair:5)
  A harpy (shapeshifter) (D:13)
  2 deep elf pyromancers
  A necromancer (D:15)
  5 orc knights
  2 fire giant zombies (D:15)
  A wizard (D:15)
  4 harpies (D:15)
  2 manticores (Lair:5)
  3 orc sorcerers (Orc:2)
  4 will-o-the-wisps
  15 ugly things
  An oklob plant (Lair:3)
  4 cyclopes
  3 slime creatures
  22 elephants
  2 torpor snails
  6 black mambas
  Psyche (D:9)
  Joseph (D:7)
  5 rime drakes
  4 unseen horrors
  6 komodo dragons
  11 cane toads
  A guardian mummy (D:15)
  3 freezing wraiths
  An efreet (D:15)
  5 trolls
  2 tengu conjurers (D:13)
  11 polar bears
  5 tyrant leeches
  2 raiju (Lair:5)
  A bloated husk (Swamp:1)
  7 hornets
  10 dream sheep
  A spriggan zombie (D:15)
  16 blink frogs
  A spriggan skeleton (D:15)
  39 yaks
  2 water elementals (D:13)
  A hog (shapeshifter) (D:14)
  4 wyverns
  3 vampires
  8 wraiths
  5 basilisks
  Grum (D:10)
  10 vampire mosquitoes
  4 wargs (Lair:5)
  3 nagas
  2 steam dragons
  An acid dragon (D:8)
  10 swamp worms
  16 water moccasins
  15 hell hounds (Lair:5)
  2 ice beasts
  21 orc warriors
  8 swamp drakes
  14 black bears
  19 ogres
  10 boggarts (D:15)
  30 wolves
  8 centaurs
  4 kobold brigands
  A phantom (D:5)
  2 necrophages (D:7)
  2 gnoll sergeants
  17 bullfrogs
  4 scorpions
  3 killer bees (D:8)
  11 electric eels
  3 howler monkeys (D:12)
  2 gnoll boudas (D:6)
  16 orc priests
  5 hounds
  An iguana (D:6)
  16 orc wizards
  7 hell rats (Lair:1)
  14 adders
  13 gnolls
  5 river rats
  A shadow imp (D:6)
  2 white imps (D:6)
  An ufetubus (D:5)
  7 worms
  3 dart slugs (D:4)
  64 orcs
  16 ball pythons
  16 bats
  11 endoplasms
  5 giant cockroaches
  10 goblins
  18 hobgoblins
  5 jackals (Sewer)
  6 quokkas
  5 frilled lizards
  18 kobolds
  8 rats
  A spectral goblin (D:1)
861 creatures vanquished.

Vanquished Creatures (others)
  3 bloated husks
  A swamp drake (Swamp:4)
  An orc wizard (Orc:2)
  15 foxfires
  37 fungi
  83 plants
  2 starspawn tentacles (Swamp:4)
  4 withered plants (D:15)
146 creatures vanquished.

Grand Total: 1007 creatures vanquished

Notes
Turn   | Place    | Note
-------+----------+-------------------------------------------
     0 | D:1      | LustLizard the Troll Fighter began the quest for the Orb.
     0 | D:1      | Reached XP level 1. HP: 22/22 MP: 0/0
   128 | D:1      | Reached XP level 2. HP: 27/29 MP: 1/1
   161 | D:1      | Found a faded altar of an unknown god.
   478 | D:2      | Reached XP level 3. HP: 34/36 MP: 2/2
   553 | D:2      | Reached skill level 3 in Unarmed Combat
  1003 | D:3      | Noticed an ogre
  1087 | D:3      | Reached XP level 4. HP: 36/44 MP: 3/3
  1119 | D:3      | Found a transporter.
  1168 | D:3      | Found a transporter.
  1764 | D:4      | Found a staircase to the Ecumenical Temple.
  1780 | Temple   | Entered the Ecumenical Temple
  1791 | Temple   | Became a worshipper of the Wu Jian Council
  1804 | D:4      | Reached XP level 5. HP: 53/53 MP: 4/4
  1850 | D:4      | Reached skill level 4 in Unarmed Combat
  1919 | D:4      | Found Hiekin's Elemental Accessories.
  2032 | D:4      | Found a white marble altar of Elyvilon.
  2719 | D:3      | Killed an ogre
  2720 | D:3      | Reached XP level 6. HP: 40/61 MP: 5/5
  2776 | D:5      | Entered Level 5 of the Dungeon
  2858 | D:5      | Reached skill level 5 in Unarmed Combat
  2923 | D:5      | Reached * piety under Wu Jian
  2931 | D:5      | Found a glowing drain.
  2940 | Sewer    | Entered a sewer
  3561 | D:5      | Reached XP level 7. HP: 68/68 MP: 6/6
  3698 | D:5      | Reached ** piety under Wu Jian
  3713 | D:5      | Reached skill level 6 in Unarmed Combat
  3829 | D:5      | Found a blossoming altar of Fedhas.
  3929 | D:5      | Found a broken altar of Ashenzari.
  4006 | D:5      | Reached skill level 5 in Shields
  4074 | D:5      | Reached XP level 8. HP: 79/79 MP: 7/7
  4206 | D:6      | Reached skill level 13 in Unarmed Combat
  4206 | D:6      | Reached XP level 9. HP: 85/85 MP: 8/8
  4324 | D:6      | Reached skill level 14 in Unarmed Combat
  4392 | D:6      | Reached *** piety under Wu Jian
  4627 | D:6      | Found a shimmering altar of Xom.
  4637 | D:6      | Got Kikubaaqudgha's Catalogue of the Grave
  5533 | D:7      | Noticed Joseph
  5540 | D:7      | Killed Joseph
  5541 | D:7      | Reached skill level 5 in Fighting
  5920 | D:7      | Reached XP level 10. HP: 95/96 MP: 9/9
  6417 | D:8      | Reached **** piety under Wu Jian
  6577 | D:8      | Found Osogy's Armour Emporium.
  6727 | D:8      | Found Biweunet's Gadget Gallery.
  7086 | D:9      | Noticed Psyche
  7091 | D:9      | Killed Psyche
  7110 | D:9      | Identified the +4 whip "Pamummoe" {vorpal, Str+4}
  7502 | D:9      | Paralysed by a hornet for 2 turns
  7858 | D:10     | Entered Level 10 of the Dungeon
  7866 | D:10     | Reached skill level 15 in Unarmed Combat
  7870 | D:10     | Noticed Snorg
  7882 | D:10     | Killed Snorg
  7951 | D:10     | Identified the +7 mace of Binosa {flame, rF+ rN+}
  7967 | D:10     | Reached ***** piety under Wu Jian
  7970 | D:10     | Reached XP level 11. HP: 94/105 MP: 10/10
  8033 | D:10     | Noticed Grum
  8056 | D:10     | Noticed Fannar
  8061 | D:10     | Killed Grum
  8069 | D:10     | Killed Fannar
  8096 | D:10     | Found a flagged portal.
  8106 | Bailey   | Entered a bailey
  8254 | Bailey   | Found the +3 pair of mountain boots {steadfast, rC+}
  8257 | Bailey   | Identified the ring "Syesyabb" {rElec Int+3 SInv}
  8410 | D:10     | Found a staircase to the Lair.
  8718 | D:11     | You fall into a shaft and drop 1 floor!
  8756 | D:12     | Noticed Erolcha
  8758 | D:12     | Noticed a two-headed ogre
  8802 | D:12     | Killed Erolcha
  8803 | D:12     | Reached skill level 5 in Dodging
  9372 | D:11     | Noticed Lodul
  9383 | D:11     | Killed Lodul
  9399 | D:11     | Reached skill level 16 in Unarmed Combat
  9433 | D:11     | Found a staircase to the Orcish Mines.
  9919 | Lair:1   | Entered Level 1 of the Lair of Beasts
  9978 | Lair:1   | Identified the +1 cloak of the Fiddle {rF+ rN+ Dex+2}
 10049 | Lair:1   | Reached XP level 12. HP: 108/115 MP: 11/11
 10208 | Lair:1   | Noticed a six-headed hydra
 10336 | Lair:1   | Killed a six-headed hydra
 10528 | Lair:1   | HP: 4/117 [hell rat (12)]
 11231 | Lair:2   | Noticed Harold
 11251 | Lair:2   | Killed Harold
 11292 | Lair:2   | Reached ****** piety under Wu Jian
 11381 | Lair:2   | Noticed Gastronok
 11502 | Lair:2   | Noticed Erica
 11526 | Lair:2   | Killed Erica
 12013 | Lair:2   | Reached skill level 17 in Unarmed Combat
 12045 | Lair:2   | Noticed an eight-headed hydra
 12052 | Lair:2   | Killed an eight-headed hydra
 12441 | Lair:2   | Killed Gastronok
 12654 | Lair:3   | Found a staircase to the Swamp.
 12654 | Lair:3   | Identified the +7 flail "Limaydwuhell" {vamp, rElec rPois
                  | Will- rCorr}
 12730 | Lair:3   | Reached XP level 13. HP: 124/127 MP: 12/12
 13185 | Lair:3   | Found a staircase to the Snake Pit.
 13759 | Lair:3   | Identified a scroll of acquirement
 13760 | Lair:3   | Acquired the +3 tower shield of a wizard's laboratory
                  | {rElec rC+ Regen+ Dex-3}
 13911 | Lair:4   | Found a runed translucent gate.
 13912 | Lair:4   | Found a runed translucent gate.
 13914 | Lair:4   | Noticed RogueRain17's ghost (journeyman DsGl)
 13919 | Lair:4   | Found a runed translucent gate.
 14306 | Lair:4   | Reached skill level 18 in Unarmed Combat
 14783 | Lair:4   | Killed RogueRain17's ghost
 14893 | Lair:5   | Entered Level 5 of the Lair of Beasts
 15097 | Lair:5   | Reached XP level 14. HP: 137/137 MP: 13/13
 15454 | Lair:5   | Reached skill level 10 in Shields
 16378 | Lair:5   | Found a viscous altar of Jiyva.
 16378 | Lair:5   | Found a staircase to the Slime Pits.
 16488 | Lair:5   | Reached skill level 19 in Unarmed Combat
 17382 | Orc:1    | Entered Level 1 of the Orcish Mines
 17629 | Orc:2    | Entered Level 2 of the Orcish Mines
 18207 | Orc:2    | Found a staircase to the Elven Halls.
 18240 | Orc:2    | Noticed Saint Roka
 19167 | Orc:2    | Reached XP level 15. HP: 125/146 MP: 11/14
 19169 | Orc:2    | Reached skill level 10 in Fighting
 19223 | Orc:2    | Found Neijescha's Antique Weapon Shoppe.
 19223 | Orc:2    | Found Nilar's Weapon Boutique.
 19225 | Orc:2    | Found Qiluzxe's Antique Armour Boutique.
 19225 | Orc:2    | Found Suuganac's Assorted Antiques.
 19251 | Orc:2    | Bought a ruby potion for 21 gold pieces
 19251 | Orc:2    | Bought a potion of mutation for 192 gold pieces
 19817 | D:12     | Noticed Urug
 19831 | D:12     | Killed Urug
 20890 | D:13     | Noticed Josephine
 20896 | D:13     | Killed Josephine
 21010 | D:13     | Reached skill level 20 in Unarmed Combat
 21828 | D:14     | Noticed Jorgrun
 21839 | D:14     | Killed Jorgrun
 22176 | D:14     | Found a gate to the Vaults.
 22220 | D:14     | Identified the +6 chain mail "Pehosyhe" {*Corrode rElec
                  | Dex+3}
 22499 | D:15     | Entered Level 15 of the Dungeon
 22511 | D:15     | Identified the +10 war axe "Kecev" {protect, rN++}
 23045 | D:15     | Found a staircase to the Depths.
 23053 | D:15     | Reached XP level 16. HP: 154/161 MP: 15/15
 23678 | Swamp:1  | Entered Level 1 of the Swamp
 23762 | Swamp:1  | Gained mutation: You are somewhat resistant to further
                  | mutation. [potion of mutation]
 23837 | Swamp:1  | Reached skill level 21 in Unarmed Combat
 23941 | Swamp:1  | Acquired the amulet of Res Woeha {Regen+ Int+5}
 24512 | Swamp:2  | Got the Handbook of Terra Cotta
 24614 | Swamp:2  | Identified the +4 flail "Uhesyakh" {vorpal, rF+ Dex+3}
 25588 | Swamp:3  | Noticed a thorn hunter
 25602 | Swamp:3  | Killed a thorn hunter
 25754 | Swamp:3  | Got Sif Muna's Atlas of Earth
 25997 | Swamp:4  | Entered Level 4 of the Swamp
 26041 | Swamp:4  | Noticed Donald
 26073 | Swamp:4  | Killed Donald
 26268 | Swamp:4  | Noticed Mlioglotl
 26277 | Swamp:4  | Noticed a tentacled starspawn
 26531 | Swamp:4  | Noticed a tentacled monstrosity
 26706 | Swamp:3  | Killed Mlioglotl
 26860 | Swamp:4  | Noticed the 27-headed Lernaean hydra
 26878 | Swamp:4  | Reached XP level 17. HP: 154/176 MP: 16/16
 27554 | Swamp:4  | Got a decaying rune of Zot
 27757 | Snake:1  | Entered Level 1 of the Snake Pit
 27801 | Snake:1  | Noticed Aizul
 27819 | Snake:1  | Killed from afar by Aizul

Illustrated notes

Levels and vault maps discovered:
D:1:      psy_arrival_whirlpool, layout_rooms,
          dreamdust_ecumenical_altar_drowned_temple
D:2:      layout_rooms, minmay_splitting_lines, kennysheep_generic_room_16
D:3:      gammafunk_steamed_eel, layout_basic
D:4:      layout_cave_pods, elyvilon_altar_5, minmay_temple_entry_wispy,
          nicolae_elemental_shop
D:5:      layout_cave_pools, nicolae_overflow_squiral,
          lightli_sewer_entry_pipes, kennysheep_generic_room_6
D:6:      kennysheep_housing_project, layout_rooms,
          mainiacjoe_overflow_small_starburst
D:7:      layout_loops_corners, abandoned_shop, kennysheep_generic_room_12,
          uniq_joseph
D:8:      layout_rooms, serial_shops, shop, nicolae_shop_gadgets
D:9:      layout_gridville, minmay_liquid_box, fungi_pond_lemuel, uniq_psyche
D:10:     layout_rooms, david_lair_generic, enter_bailey_6, uniq_fannar,
          uniq_snorg, uniq_grum
D:11:     layout_loops_corners, orc_0_dummy, uniq_lodul
D:12:     layout_long_grid, uniq_erolcha, uniq_urug
D:13:     layout_basic, roderic_lattice_a, uniq_josephine
D:14:     layout_loops_cross, david_vaults_4, hangedman_decor_slide_cut,
          uniq_jorgrun
D:15:     gammafunk_depths_entry_grave, layout_cave_pools, dk_noncrumbling_4,
          hangedman_aviary
Temple:   nicolae_temple_no_exploring_needed
Lair:1:   layout_cellular_growth, chequers_serial_rivers_micro_d,
          amcnicky_mini_pool_medium
Lair:2:   layout_regular_city, serial_bayou, serial_bayou_shore_b,
          serial_bayou_shore_b, serial_bayou_lake_a, serial_bayou_ford_a,
          lemuel_fruit_fields, uniq_harold, uniq_erica, uniq_gastronok
Lair:3:   layout_layer_cave, minmay_swamp_entry_reptiles,
          guppyfry_snake_entry_garden, beast_lair_carwin_1
Lair:4:   layout_regular_city, gammafunk_ghost_split, serial_bayou_shore_a,
          serial_bayou_shore_b, grunt_megastairs_1
Lair:5:   hangedman_lair_caniforms_friends, layout_regular_city,
          hangedman_lair_in_review, slime_entry_1, minivault_26
Swamp:1:  layout_basic_swamp, evilmike_swamp_ruin_rubble_2
Swamp:2:  layout_basic_swamp, evilmike_swamp_ruin_house_3,
          infiniplex_staircase_pool
Swamp:3:  layout_basic_swamp, evilmike_swamp_ruin_rubble_1
Swamp:4:  swamp_old_school, layout_basic_swamp, uniq_donald, uniq_mlioglotl
Snake:1:  layout_chambers, serial_shops, shop, lemuel_fruit_tree,
          grunt_megastairs_5, uniq_aizul
Orc:1:    layout_caves
Orc:2:    grunt_orc_tribal_feast, layout_caves, uniq_saint_roka

Skill      XL: |  1  2  3  4  5  6  7  8  9 10 11 12 13 14 15 16 |
---------------+-------------------------------------------------+-----
Shields        | 3 4 5 6 7 8 9 10 11 13 | 13.3
Unarmed Combat | 3 4 5 6 13 14 15 16 17 18 19 20 21 | 21.1
Fighting       | 3 4 5 6 7 8 9 10 13 | 13.3
Dodging        | 3 4 5 6 8 9 |  9.9

Action                   |  1- 3 |  4- 6 |  7- 9 | 10-12 | 13-15 | 16-18 || total
-------------------------+-------+-------+-------+-------+-------+-------++-------
Melee: Unarmed           |   127 |   224 |   228 |   519 |  1332 |   481 ||  2911
       Mace              |       |       |       |   275 |       |       ||   275
       Flail             |       |       |       |       |     7 |       ||     7
       Scimitar          |       |       |       |       |    38 |   106 ||   144
Throw: Stone             |       |     2 |       |       |       |       ||     2
       Dart              |       |     1 |    13 |     3 |       |       ||    17
Invok: Lunge             |       |    14 |    29 |    76 |    90 |    33 ||   242
       Whirlwind         |       |    10 |     8 |   119 |   170 |    44 ||   351
Evoke: Wand              |       |       |       |     5 |       |       ||     5
  Use: Scroll            |       |       |    14 |    14 |    10 |     8 ||    46
       Potion            |       |       |     2 |     8 |     4 |     5 ||    19
 Stab: Sleeping          |       |     1 |       |       |       |       ||     1
       Fleeing           |       |       |       |     1 |       |       ||     1
       Invisible         |       |       |       |     1 |       |       ||     1
Armor: Robe              |    58 |    95 |    60 |    44 |       |       ||   257
       Troll leather arm |       |       |       |   257 |   407 |   316 ||   980
       Skin              |       |       |       |     4 |    36 |       ||    40
Dodge: Dodged            |    36 |    78 |    50 |   304 |   310 |   241 ||  1019
Block: Kite shield       |    48 |    96 |    61 |   339 |    39 |       ||   583
       Tower shield      |       |       |       |       |   941 |   583 ||  1524
